 Dungeon Crawl Stone Soup version 0.30.0-10-gfe55d96785 (webtiles) character file.

Game seed: 2556584538659897103

11770 sampeng1 the Cleaver (level 11, -5/102 HPs)
             Began as a Minotaur Berserker on May 16, 2023.
             Was a High Priest of Trog.
             Killed by divine providence
             ... invoked by an orc priest
              (13 damage)
             ... on level 2 of the Orcish Mines.
             The game lasted 00:31:18 (8811 turns).

sampeng1 the Cleaver (Minotaur Berserker)           Turns: 8811, Time: 00:31:19

Health: -5/102     AC: 21    Str: 37    XL:     11   Next: 53%
Magic:  10/10      EV: 11    Int:  4    God:    Trog [*****.]
Gold:   911        SH:  9    Dex: 11    Spells: 10/10 levels left

rFire   . . .        u - +0 war axe
rCold   . . .        D - +0 kite shield
rNeg    . . .        J - +0 plate armour
rPois   .            l - +0 hat {SInv}
rElec   .            P - +0 cloak
rCorr   .            b - +2 pair of gloves
SInv    +            j - +0 pair of boots
Will    .....        A - amulet of regeneration Stlth
                     f - +6 ring of strength
HPRegen 1.17/turn    d - +6 ring of strength
MPRegen 0.12/turn

%: no passive effects
@: on berserk cooldown, slowed, very slow
A: horns 2, retaliatory headbutt
a: Renounce Religion, Berserk, Trog's Hand, Brothers in Arms


You were on level 2 of the Orcish Mines.
You worshipped Trog.
Trog was extremely pleased with you.
You visited 2 branches of the dungeon, and saw 11 of its levels.

You collected 911 gold pieces.

Inventory:

Hand Weapons
 s - a +0 battleaxe of venom
 u - a +0 war axe (weapon)
Missiles
 i - 7 boomerangs
 o - 9 curare-tipped darts
 v - 41 poisoned darts
Armour
 a - a scarf of invisibility
 b - a +2 pair of gloves (worn)
 c - +0 acid dragon scales
 j - a +0 pair of boots (worn)
 l - a +0 hat of see invisible (worn)
 q - a +0 troll leather armour
 D - a +0 kite shield (worn)
 J - a +0 plate armour (worn)
 P - a +0 cloak (worn)
Jewellery
 d - a +6 ring of strength (right hand)
 f - a +6 ring of strength (left hand)
 p - a +5 ring of evasion
 A - an amulet of regeneration (around neck)
 C - an amulet of the acrobat
 F - an amulet of regeneration
 G - a ring of flight
 M - a ring of flight
 N - a ring of see invisible
Wands
 r - a wand of flame (25)
 H - a wand of charming (9)
 I - a wand of mindburst (1)
Scrolls
 k - 3 scrolls of teleportation
 t - 2 scrolls of blinking
 K - 2 scrolls of identify
 O - 2 scrolls of poison
Potions
 e - 4 potions of curing
 g - 2 potions of invisibility
 h - a potion of resistance {unknown}
 m - a potion of attraction
 n - a potion of flight
 w - a potion of lignification
 x - a potion of mutation
 z - 3 potions of haste (quivered)
 B - a potion of berserk rage
 E - 3 potions of magic


   Skills:
 + Level 11.2 Fighting
 + Level 11.3 Axes
 + Level 10.9 Armour
 + Level 10.1 Dodging
 + Level 6.0 Shields


You had 10 spell levels left.
You didn't know any spells.
Your spell library was empty.

Dungeon Overview and Level Annotations

Branches:
Dungeon (10/15)            Temple (0/1) D:7            Lair (0/5) D:10
    Orc (2/2) D:10
    Elf: Orc:2

Altars:
Elyvilon
Fedhas
Hepliaklqana
Makhleb
Okawaru
Sif Muna
Trog
Uskayaw
Vehumet
Wu Jian
Xom
Zin
The Shining One

Shops:
D:10 (

Annotations:
D:4 Blork the orc


Innate Abilities, Weirdness & Mutations

You have a pair of horns on your head.
You reflexively headbutt those who attack you in melee.


Message History

Trog accepts your kill.
You completely miss the orc warrior. You slash the orc warrior!
You kill the orc warrior!
Trog accepts your kill.
The orc warrior hits you from afar with a +0 glaive!
* * * LOW HITPOINT WARNING * * *
The orc warrior hits you from afar with a +0 trident!
* * * LOW HITPOINT WARNING * * *
You block the gnoll's attack.
You barely miss the orc wizard. The orc warrior closely misses you. x2
The orc wizard hits you but does no damage.
The gnoll hits you but does no damage.
You barely miss the orc wizard. You completely miss the orc.
You hit the orc wizard.
The orc wizard is moderately wounded.
You slash the orc!
You kill the orc!
Trog accepts your kill.
The orc warrior no longer looks unusually strong.
The orc warrior hits you from afar with a +0 trident.
* * * LOW HITPOINT WARNING * * *
The orc wizard barely misses you. You block the orc warrior's attack.
The gnoll misses you.
You slice the orc wizard!!
You feel the power of Trog in you as your rage grows.
You kill the orc wizard!
Trog accepts your kill.
Trog appreciates your killing of a magic user.
The orc warrior hits you from afar with a +0 trident!
* * * LOW HITPOINT WARNING * * *
The orc warrior closely misses you. You block the gnoll's attack.
Okay, then.
You feel a strong urge to attack something.
You are no longer berserk.
You are exhausted.
You feel yourself slow down.
The orc priest mumbles some strange prayers to Beogh against you.
Beogh smites you!
You die...

#.........$..
#.....#$.....
#.......$....
#............
#....#g$.....
#...#gooO....
#...)))o.....
#..@.))......
##...#)$....#
##.####$####
### .# #


You could see 2 orc warriors, an ogre, an orc priest (strong) and 2 gnolls.

Vanquished Creatures
  Gastronok (D:9)
  An orc warlord (Orc:2)
  Erolcha (D:10)
  2 two-headed ogres
  Pikel (D:8)
  An orc sorcerer (Orc:1)
  Maurice (D:9)
  Joseph (D:8)
  An unseen horror (D:10)
  Maggie (D:9)
  A komodo dragon (D:10)
  2 kobold demonologists (D:10)
  A troll (D:10)
  3 yaks (D:9)
  A wraith (D:10)
  An acid dragon (D:10)
  A water moccasin (D:6)
  12 orc warriors
  2 black bears
  2 sky beasts (D:7)
  2 ogres (Orc:1)
  3 centaurs
  A lemure (D:8)
  A phantom (D:6)
  6 kobold brigands
  2 gnoll sergeants (D:6)
  A bullfrog (D:8)
  7 wights
  5 howler monkeys
  2 gnoll boudas
  2 hounds
  A jelly (D:7)
  A sleepcap (D:8)
  9 orc priests
  Jessica (D:3)
  An iguana (D:6)
  12 orc wizards
  19 gnolls
  5 adders
  A shadow imp (D:6)
  4 white imps
  An ufetubus (D:6)
  2 dart slugs (D:4)
  52 orcs
  7 ball pythons
  12 endoplasms
  9 giant cockroaches (D:3)
  4 goblins
  2 hobgoblins
  13 jackals
  34 kobolds
  9 quokkas
  6 bats
  8 frilled lizards
  7 rats
289 creatures vanquished.

Vanquished Creatures (others)
  A kobold (D:8)
1 creature vanquished.

Grand Total: 290 creatures vanquished

Notes
Turn   | Place    | Note
-------+----------+-------------------------------------------
     0 | D:1      | sampeng1 the Minotaur Berserker began the quest for the
                  | Orb.
     0 | D:1      | Reached XP level 1. HP: 19/19 MP: 0/0
   159 | D:1      | Reached XP level 2. HP: 27/27 MP: 1/1
   301 | D:1      | Found a faded altar of an unknown god.
   874 | D:2      | Reached XP level 3. HP: 33/33 MP: 2/2
  1194 | D:2      | Reached XP level 4. HP: 41/41 MP: 3/3
  1283 | D:2      | Reached ** piety under Trog
  2220 | D:3      | Found an iron altar of Okawaru.
  2602 | D:3      | Reached XP level 5. HP: 47/47 MP: 4/4
  2634 | D:3      | Found a hide-covered altar of Uskayaw.
  2732 | D:3      | Noticed Jessica
  2741 | D:3      | Found a shimmering blue altar of Sif Muna.
  2763 | D:3      | Killed Jessica
  3370 | D:4      | Reached skill level 5 in Fighting
  3375 | D:4      | Reached skill level 5 in Axes
  3381 | D:4      | Reached *** piety under Trog
  3471 | D:4      | Reached XP level 6. HP: 52/56 MP: 5/5
  3494 | D:4      | Found an ornate altar of the Wu Jian Council.
  3511 | D:4      | Noticed Blork the orc
  3600 | D:4      | You fall into a shaft and drop 2 floors!
  3714 | D:6      | Reached skill level 5 in Armour
  3714 | D:6      | Reached XP level 7. HP: 60/62 MP: 6/6
  3832 | D:6      | Reached skill level 5 in Dodging
  3832 | D:6      | Found a faded altar of an unknown god.
  3836 | D:6      | Found a hazy altar of Hepliaklqana.
  4083 | D:6      | Found a glowing silver altar of Zin.
  4283 | D:6      | Reached XP level 8. HP: 71/71 MP: 7/7
  4306 | D:6      | Found a radiant altar of Vehumet.
  5207 | D:7      | Found a burning altar of Makhleb.
  5287 | D:7      | Found a blossoming altar of Fedhas.
  5383 | D:7      | Found a staircase to the Ecumenical Temple.
  6098 | D:8      | Found a bloodstained altar of Trog.
  6256 | D:8      | Reached **** piety under Trog
  6328 | D:8      | Reached XP level 9. HP: 64/81 MP: 8/8
  6496 | D:8      | Noticed Pikel
  6503 | D:8      | Killed Pikel
  6720 | D:8      | Noticed Joseph
  6742 | D:8      | Killed Joseph
  6965 | D:9      | Noticed Maggie
  6980 | D:9      | Killed Maggie
  6981 | D:9      | Reached XP level 10. HP: 69/91 MP: 9/9
  7140 | D:9      | Noticed a two-headed ogre
  7148 | D:9      | Killed a two-headed ogre
  7149 | D:9      | Reached skill level 1 in Shields
  7227 | D:9      | Found a glowing golden altar of the Shining One.
  7268 | D:9      | Noticed Maurice
  7276 | D:9      | Noticed Gastronok
  7279 | D:9      | Killed Maurice
  7293 | D:9      | Killed Gastronok
  7294 | D:9      | Reached skill level 10 in Fighting
  7294 | D:9      | Reached skill level 10 in Axes
  7509 | D:10     | Entered Level 10 of the Dungeon
  7544 | D:10     | Found Utupluisch's Weapon Shoppe.
  7544 | D:10     | Found a staircase to the Orcish Mines.
  7737 | D:10     | Found a staircase to the Lair.
  7750 | D:10     | Reached skill level 10 in Armour
  7773 | D:10     | Found a white marble altar of Elyvilon.
  7836 | D:10     | Noticed Erolcha
  7847 | D:10     | Killed Erolcha
  7954 | D:10     | Noticed a rust devil
  7956 | D:10     | Reached XP level 11. HP: 101/101 MP: 10/10
  8106 | D:10     | Found a shimmering altar of Xom.
  8227 | Orc:1    | Entered Level 1 of the Orcish Mines
  8247 | Orc:1    | Reached ***** piety under Trog
  8247 | Orc:1    | Noticed an orc sorcerer
  8254 | Orc:1    | Reached skill level 5 in Shields
  8257 | Orc:1    | Killed an orc sorcerer
  8445 | Orc:1    | Noticed a two-headed ogre
  8451 | Orc:1    | Killed a two-headed ogre
  8784 | Orc:2    | Entered Level 2 of the Orcish Mines
  8786 | Orc:2    | Noticed an orc warlord
  8802 | Orc:2    | Killed an orc warlord
  8803 | Orc:2    | Reached skill level 10 in Dodging
  8811 | Orc:2    | Killed from afar by an orc priest

Illustrated notes

Levels and vault maps discovered:
D:1:      matt_arrival_refuge, layout_loops_ring, ebering_ecumenical_altar_box,
          minivault_14, minmay_misc_feat_enclosed
D:2:      layout_basic, minivault_11, grunt_ministairs_11, minmay_hexomino_u4
D:3:      minmay_roachtagon, layout_basic, okawaru_trees_1,
          mainiacjoe_overflow_six_doors_small, tgw_sif
D:4:      layout_cave_pools, kennysheep_mini_moat, slow_altar_2,
          uniq_blork_the_orc
D:6:      layout_cave_pools, beargit_hepliaklqana_dungeon_heroes,
          marbit_many_paths, lemuel_doored_altar, hangedman_decor_points
D:7:      layout_loops_corners, mainiacjoe_overflow_tiny_flanked,
          mainiacjoe_overflow_cross_hatched, minmay_temple_entry_offerings,
          kennysheep_generic_room_9
D:8:      layout_loops_ring, kennysheep_little_box, uniq_pikel, uniq_joseph
D:9:      layout_cave_pools, lemuel_round_altar, minmay_misc_feat_plants,
          uniq_gastronok, uniq_maggie, uniq_maurice
D:10:     layout_irregular_city, mainiacjoe_overflow_chevrons, tgw_xom,
          david_lair_shrubbed, orc_0_dummy, serial_shops, shop,
          minmay_misc_feat_five, uniq_erolcha
Orc:1:    layout_diamond_mine
Orc:2:    st_orc_elflike, layout_caves

Skill      XL: |  1  2  3  4  5  6  7  8  9 10 11 |
---------------+----------------------------------+-----
Fighting       | 4 5 6 7 9 10 11 | 11.2
Axes           | 4 5 6 7 9 10 11 | 11.3
Armour         | 3 4 5 6 7 9 10 | 10.9
Dodging        | 3 4 5 6 8 9 10 | 10.1
Shields        | 4 6 |  6.0

Action                     |  1- 3 |  4- 6 |  7- 9 | 10-12 || total
---------------------------+-------+-------+-------+-------++-------
  Melee: Hand axe          |    70 |   115 |       |       ||   185
         Headbutt          |     5 |    19 |    22 |    39 ||    85
         Punch             |       |     1 |       |       ||     1
         Battleaxe         |       |    19 |   167 |       ||   186
         War axe           |       |       |       |   178 ||   178
  Throw: Boomerang         |       |     4 |       |       ||     4
 Invoke: Berserk           |     1 |     3 |     3 |     3 ||    10
    Use: Scroll            |     2 |    10 |    11 |     2 ||    25
         Potion            |       |       |     1 |       ||     1
 Armour: Animal skin       |     2 |       |       |       ||     2
         Leather armour    |     9 |       |       |       ||     9
         Chain mail        |       |    60 |    89 |       ||   149
         Ring mail         |       |    20 |       |       ||    20
         Plate armour      |       |       |    18 |    66 ||    84
  Dodge: Dodged            |    58 |   123 |   140 |    84 ||   405
  Block: Kite shield       |       |       |       |    76 ||    76
